[ PARTIDA AOE2 · #474672280 ]
UnrankedIndostaníes vs Teutons
[ ANÁLISIS DE REPETICIÓN · EXTRAÍDO DE LA PARTIDA GRABADA ]
Feudal
8:55
Castillos
13:31
Imperial
—
| APM promedio | 14.2 |
| APM pico | 49 |
| eAPM promedio | 9.2 |
| Aldeanos / militares | 56 / 16 |
Foco
⚔️ 10.4% · 🌾 89.6%
Skirmisher ×14 · Mangonel ×1 · Scorpion ×1
Feudal
8:27
Castillos
12:22
Imperial
31:46
| APM promedio | 31.0 |
| APM pico | 50 |
| eAPM promedio | 19.7 |
| Aldeanos / militares | 165 / 83 |
Foco
⚔️ 31.0% · 🌾 69.0%
Knight ×66 · Monk ×7 · Scout Cavalry ×6 · Mangonel ×3 · Trebuchet (Packed) ×1
Feudal
9:43
Castillos
14:06
Imperial
31:34
| APM promedio | 36.8 |
| APM pico | 71 |
| eAPM promedio | 16.9 |
| Aldeanos / militares | 96 / 2 |
Foco
⚔️ 44.6% · 🌾 55.4%
Unknown (2579) ×137 · Trebuchet (Packed) ×2
Feudal
6:57
Castillos
11:55
Imperial
34:01
| APM promedio | 35.2 |
| APM pico | 72 |
| eAPM promedio | 16.1 |
| Aldeanos / militares | 100 / 6 |
Foco
⚔️ 41.3% · 🌾 58.7%
Unknown (1974) ×72 · Unknown (1968) ×47 · Skirmisher ×6
Feudal
8:52
Castillos
13:12
Imperial
30:25
| APM promedio | 37.8 |
| APM pico | 66 |
| eAPM promedio | 21.3 |
| Aldeanos / militares | 107 / 15 |
Foco
⚔️ 25.6% · 🌾 74.4%
Unknown (2562) ×33 · Monk ×13 · Unknown (2586) ×3 · Petard ×2 · Unknown (2550) ×1
Feudal
8:26
Castillos
11:57
Imperial
36:43
| APM promedio | 43.9 |
| APM pico | 84 |
| eAPM promedio | 23.2 |
| Aldeanos / militares | 115 / 73 |
Foco
⚔️ 46.2% · 🌾 53.8%
Mameluke ×47 · Monk ×10 · Knight ×6 · Mangonel ×6 · Scorpion ×4
Feudal
8:10
Castillos
13:20
Imperial
33:55
| APM promedio | 22.6 |
| APM pico | 48 |
| eAPM promedio | 13.6 |
| Aldeanos / militares | 94 / 0 |
Foco
⚔️ 29.3% · 🌾 70.7%
Unknown (1949) ×87 · Unknown (1944) ×26
Feudal
8:02
Castillos
10:46
Imperial
25:50
| APM promedio | 33.2 |
| APM pico | 80 |
| eAPM promedio | 19.3 |
| Aldeanos / militares | 134 / 106 |
Foco
⚔️ 26.2% · 🌾 73.8%
Ballista Elephant ×98 · Petard ×8
Mapa de la partida
Recursos iniciales + cada clic de construcción. Líneas = muros · curvas = relieve. ◆ oro · ⬟ piedra · ● bayas · ✦ reliquia · ◌ hueco del cierre
Tu base· ✓ Cerrada en 13:31 · 10t muro · 8 puerta(s)
Base de [Yodas] Ivaylo AOE CL· ✓ Cerrada en 12:22 · 25t muro · 6 puerta(s)
Base de :) Carreador Fiel· ✓ Cerrada en 14:06 · 15t muro · 6 puerta(s)
Base de Alt+F4 | Popo· ✓ Cerrada en 11:55 · 0t muro · 9 puerta(s)
Base de :) Neeeemo· ✓ Cerrada en 13:12 · 28t muro · 7 puerta(s)
Base de Alt+F4 | Haise· ✓ Cerrada en 11:57 · 1t muro · 7 puerta(s)
Base de :) YO30830· ✓ Cerrada en 13:20 · 11t muro · 5 puerta(s)
Base de GAX | LorD· ✓ Cerrada en 10:46 · 0t muro · 7 puerta(s)
Terreno inicial suavizado · ◌ = hueco del cierre detectado · pasá el cursor para detalles
Inputs por minuto
— Im From Hell - - [Yodas] Ivaylo AOE CL
Build order — Im From Hell
111 acciones detectadas en el replay
| 0:01 | Crear | Villager (Male) |
| 0:01 | Crear | Villager (Male) |
| 0:01 | Crear | Villager (Male) |
| 0:02 | Crear | Villager (Male) |
| 0:02 | Crear | Villager (Male) |
| 0:21 | Construir | Lumber Camp |
| 0:28 | Construir | Mill |
| 1:30 | Crear | Villager (Male) |
| 1:30 | Crear | Villager (Male) |
| 2:33 | Crear | Villager (Male) |
| 2:33 | Crear | Villager (Male) |
| 2:33 | Crear | Villager (Male) |
| 3:08 | Crear | Villager (Male) |
| 3:55 | Construir | Lumber Camp |
| 4:00 | Crear | Villager (Male) |
| 4:43 | Crear | Villager (Male) |
| 4:43 | Crear | Villager (Male) |
| 4:56 | Construir | Mining Camp |
| 5:55 | Crear | Villager (Male) |
| 5:55 | Crear | Villager (Male) |
| 6:25 | Investigar | Feudal Age |
| 6:25 | Investigar | Feudal Age |
| 6:34 | Construir | Farm |
| 6:37 | Construir | Farm |
| 6:55 | Investigar | Loom |
| 8:55 | Edad | Edad Feudal |
| 9:03 | Construir | Market |
| 9:08 | Construir | Blacksmith |
| 9:11 | Crear | Villager (Male) |
| 9:12 | Crear | Villager (Male) |
| 9:29 | Investigar | Horse Collar |
| 9:31 | Investigar | Double-Bit Axe |
| 10:26 | Crear | Villager (Male) |
| 10:26 | Crear | Villager (Male) |
| 10:44 | Investigar | Castle Age |
| 10:44 | Investigar | Castle Age |
| 11:52 | Construir | Stable |
| 11:57 | Investigar | Gold Mining |
| 11:57 | Investigar | Gold Mining |
| 12:04 | Investigar | Forging |
| 12:17 | Crear | Villager (Male) |
| 12:18 | Crear | Villager (Male) |
| 12:51 | Construir | Stone Wall |
| 13:28 | Investigar | Wheelbarrow |
| 13:31 | Edad | Edad de los Castillos |
| 13:38 | Construir | Town Center |
| 14:02 | Construir | Town Center |
| 14:25 | Construir | Stone Wall |
| 14:40 | Investigar | Bow Saw |
| 14:43 | Crear | Villager (Male) |
| 14:43 | Crear | Villager (Male) |
| 14:48 | Crear | Villager (Male) |
| 14:48 | Crear | Villager (Male) |
| 15:36 | Construir | Siege Workshop |
| 15:54 | Crear | Villager (Male) |
| 15:54 | Crear | Villager (Male) |
| 15:54 | Crear | Villager (Male) |
| 15:56 | Crear | Villager (Male) |
| 15:57 | Crear | Villager (Male) |
| 16:06 | Crear | Mangonel |
| 16:23 | Crear | Villager (Male) |
| 16:25 | Crear | Villager (Male) |
| 16:26 | Crear | Villager (Male) |
| 16:33 | Construir | Mining Camp |
| 16:44 | Crear | Scorpion |
| 18:05 | Construir | Archery Range |
| 18:13 | Crear | Villager (Male) |
| 18:14 | Crear | Villager (Male) |
| 18:14 | Crear | Villager (Male) |
| 18:14 | Crear | Villager (Male) |
| 18:15 | Crear | Villager (Male) |
| 18:15 | Crear | Villager (Male) |
| 18:41 | Investigar | Elite Skirmisher (upgrade) |
| 18:42 | Crear | Skirmisher ×3 |
| 19:09 | Crear | Villager (Male) |
| 19:09 | Crear | Villager (Male) |
| 19:13 | Construir | Farm |
| 19:15 | Construir | Farm |
| 19:19 | Construir | Farm |
| 19:22 | Construir | Farm |
| 19:41 | Construir | Archery Range |
| 19:48 | Construir | Farm |
| 19:50 | Construir | Farm |
| 19:52 | Construir | Farm |
| 19:57 | Crear | Villager (Male) |
| 19:58 | Crear | Villager (Male) |
| 19:58 | Crear | Villager (Male) |
| 20:15 | Crear | Skirmisher |
| 20:37 | Crear | Skirmisher ×5 |
| 22:06 | Construir | Town Center |
| 22:55 | Crear | Skirmisher ×5 |
| 22:59 | Investigar | Fletching |
| 22:59 | Investigar | Padded Archer Armor |
| 23:08 | Construir | University |
| 23:37 | Crear | Villager (Male) |
| 23:38 | Crear | Villager (Male) |
| 23:38 | Crear | Villager (Male) |
| 23:38 | Crear | Villager (Male) |
| 23:39 | Crear | Villager (Male) |
| 23:39 | Crear | Villager (Male) |
| 23:40 | Crear | Villager (Male) |
| 23:53 | Investigar | Ballistics |
| 24:02 | Crear | Villager (Male) |
| 24:02 | Crear | Villager (Male) |
| 24:03 | Crear | Villager (Male) |
| 24:03 | Crear | Villager (Male) |
| 24:18 | Investigar | Leather Archer Armor |
| 24:36 | Construir | Farm |
| 24:38 | Construir | Farm |
| 24:41 | Construir | Farm |
| 24:43 | Construir | Farm |
Build order — [Yodas] Ivaylo AOE CL
Primeras 150 de 410 acciones detectadas
| 0:02 | Crear | Villager (Male) |
| 0:02 | Crear | Villager (Male) |
| 0:11 | Construir | Lumber Camp |
| 0:43 | Crear | Villager (Male) |
| 0:43 | Crear | Villager (Male) |
| 0:44 | Crear | Villager (Male) |
| 1:01 | Crear | Villager (Male) |
| 1:01 | Crear | Villager (Male) |
| 1:35 | Construir | Mill |
| 1:42 | Crear | Villager (Male) |
| 1:42 | Crear | Villager (Male) |
| 1:48 | Crear | Villager (Male) |
| 2:57 | Crear | Villager (Male) |
| 2:57 | Crear | Villager (Male) |
| 2:57 | Crear | Villager (Male) |
| 2:57 | Crear | Villager (Male) |
| 2:57 | Crear | Villager (Male) |
| 2:57 | Crear | Villager (Male) |
| 3:38 | Construir | Mining Camp |
| 4:06 | Crear | Villager (Male) |
| 4:26 | Construir | Farm |
| 4:28 | Construir | Farm |
| 4:30 | Construir | Farm |
| 4:42 | Construir | Farm |
| 4:54 | Crear | Villager (Male) |
| 4:55 | Crear | Villager (Male) |
| 4:59 | Construir | Farm |
| 5:38 | Crear | Villager (Male) |
| 5:48 | Investigar | Feudal Age |
| 5:57 | Construir | Farm |
| 6:56 | Crear | Villager (Male) |
| 6:56 | Crear | Villager (Male) |
| 8:27 | Edad | Edad Feudal |
| 8:30 | Construir | Market |
| 8:54 | Construir | Blacksmith |
| 9:07 | Crear | Villager (Male) |
| 9:24 | Investigar | Double-Bit Axe |
| 9:24 | Investigar | Double-Bit Axe |
| 9:42 | Investigar | Castle Age |
| 10:12 | Construir | Lumber Camp |
| 10:24 | Construir | Stone Wall |
| 10:33 | Crear | Villager (Male) |
| 10:33 | Crear | Villager (Male) |
| 11:06 | Construir | Stable |
| 11:49 | Construir | Mining Camp |
| 12:07 | Investigar | Horse Collar |
| 12:19 | Construir | Stone Wall |
| 12:22 | Edad | Edad de los Castillos |
| 12:27 | Construir | Stone Wall |
| 12:46 | Crear | Villager (Male) |
| 12:49 | Crear | Knight |
| 12:52 | Investigar | Scale Barding Armor |
| 12:58 | Construir | Monastery |
| 13:04 | Crear | Villager (Male) |
| 13:14 | Investigar | Bow Saw |
| 13:38 | Crear | Villager (Male) |
| 13:59 | Crear | Monk |
| 14:07 | Construir | Town Center |
| 14:12 | Crear | Villager (Male) |
| 14:13 | Crear | Villager (Male) |
| 14:18 | Construir | Farm |
| 14:28 | Construir | Farm |
| 14:29 | Construir | Farm |
| 14:29 | Construir | Farm |
| 14:33 | Crear | Knight |
| 14:58 | Construir | Farm |
| 15:04 | Crear | Villager (Male) |
| 15:05 | Crear | Villager (Male) |
| 15:17 | Crear | Villager (Male) |
| 15:17 | Crear | Villager (Male) |
| 15:22 | Construir | Siege Workshop |
| 15:23 | Construir | Farm |
| 15:37 | Crear | Villager (Male) |
| 15:37 | Crear | Villager (Male) |
| 15:44 | Construir | Farm |
| 15:59 | Crear | Villager (Male) |
| 16:00 | Crear | Villager (Male) |
| 16:01 | Crear | Monk |
| 16:12 | Construir | Town Center |
| 16:17 | Construir | Farm |
| 16:18 | Construir | Farm |
| 16:20 | Construir | Farm |
| 16:20 | Construir | Farm |
| 16:26 | Crear | Villager (Male) |
| 16:26 | Crear | Villager (Male) |
| 16:39 | Construir | House |
| 16:49 | Investigar | Loom |
| 16:50 | Crear | Villager (Male) |
| 16:51 | Crear | Villager (Male) |
| 17:03 | Crear | Villager (Male) |
| 17:04 | Crear | Villager (Male) |
| 17:13 | Construir | House |
| 17:43 | Crear | Villager (Male) |
| 17:44 | Crear | Villager (Male) |
| 18:01 | Crear | Monk |
| 18:01 | Crear | Villager (Male) |
| 18:02 | Crear | Villager (Male) |
| 18:24 | Crear | Villager (Male) |
| 18:24 | Crear | Villager (Male) |
| 18:31 | Crear | Mangonel |
| 18:39 | Crear | Villager (Male) |
| 18:39 | Crear | Villager (Male) |
| 18:51 | Crear | Villager (Male) |
| 18:51 | Crear | Villager (Male) |
| 18:53 | Crear | Mangonel |
| 19:08 | Crear | Villager (Male) |
| 19:08 | Crear | Villager (Male) |
| 19:13 | Construir | Mining Camp |
| 19:15 | Crear | Villager (Male) |
| 19:16 | Crear | Villager (Male) |
| 19:29 | Construir | Town Center |
| 19:37 | Crear | Villager (Male) |
| 19:37 | Crear | Villager (Male) |
| 19:54 | Construir | Farm |
| 19:54 | Construir | Farm |
| 19:55 | Construir | Farm |
| 19:58 | Crear | Villager (Male) |
| 19:58 | Crear | Villager (Male) |
| 19:59 | Crear | Villager (Male) |
| 20:43 | Crear | Villager (Male) |
| 20:43 | Crear | Villager (Male) |
| 20:43 | Crear | Villager (Male) |
| 20:43 | Crear | Villager (Male) |
| 20:43 | Crear | Villager (Male) |
| 20:48 | Crear | Mangonel |
| 20:58 | Crear | Villager (Male) |
| 20:58 | Crear | Villager (Male) |
| 21:04 | Construir | House |
| 21:05 | Construir | House |
| 21:14 | Crear | Monk |
| 21:16 | Crear | Villager (Male) |
| 21:16 | Crear | Villager (Male) |
| 21:20 | Construir | House |
| 21:21 | Construir | House |
| 21:25 | Construir | Farm |
| 21:26 | Construir | Farm |
| 21:27 | Construir | Farm |
| 21:27 | Construir | Farm |
| 21:30 | Crear | Knight |
| 21:34 | Crear | Villager (Male) |
| 21:35 | Crear | Villager (Male) |
| 21:38 | Construir | Farm |
| 21:39 | Construir | Farm |
| 21:40 | Construir | Farm |
| 21:41 | Construir | Farm |
| 21:45 | Crear | Villager (Male) |
| 21:45 | Crear | Villager (Male) |
| 21:50 | Construir | Mill |
| 21:51 | Construir | Farm |
| 21:52 | Construir | Farm |
Build order — :) Carreador Fiel
Primeras 150 de 298 acciones detectadas
| 0:03 | Crear | Villager (Male) |
| 0:10 | Crear | Villager (Male) |
| 0:10 | Crear | Villager (Male) |
| 0:11 | Crear | Villager (Male) |
| 0:17 | Construir | Settlement |
| 1:19 | Crear | Villager (Male) |
| 1:19 | Crear | Villager (Male) |
| 1:43 | Crear | Villager (Male) |
| 1:44 | Crear | Villager (Male) |
| 2:24 | Crear | Villager (Male) |
| 2:24 | Crear | Villager (Male) |
| 2:55 | Crear | Villager (Male) |
| 3:36 | Crear | Villager (Male) |
| 3:36 | Crear | Villager (Male) |
| 3:37 | Crear | Villager (Male) |
| 3:54 | Crear | Villager (Male) |
| 3:54 | Crear | Villager (Male) |
| 3:54 | Crear | Villager (Male) |
| 3:54 | Crear | Villager (Male) |
| 4:22 | Crear | Villager (Male) |
| 4:22 | Crear | Villager (Male) |
| 4:46 | Crear | Villager (Male) |
| 5:09 | Construir | Farm |
| 5:10 | Construir | Farm |
| 5:11 | Construir | Farm |
| 6:03 | Crear | Villager (Male) |
| 6:04 | Crear | Villager (Male) |
| 6:07 | Crear | Villager (Male) |
| 6:07 | Crear | Villager (Male) |
| 6:43 | Crear | Villager (Male) |
| 6:47 | Construir | Settlement |
| 6:57 | Construir | Settlement |
| 7:32 | Investigar | Feudal Age |
| 8:32 | Crear | Villager (Male) |
| 9:22 | Construir | Farm |
| 9:22 | Construir | Farm |
| 9:23 | Construir | Farm |
| 9:23 | Construir | Farm |
| 9:23 | Construir | Farm |
| 9:31 | Construir | Farm |
| 9:43 | Edad | Edad Feudal |
| 9:49 | Crear | Villager (Male) |
| 9:50 | Crear | Villager (Male) |
| 10:00 | Construir | Blacksmith |
| 10:06 | Construir | Market |
| 10:53 | Construir | Settlement |
| 11:01 | Crear | Villager (Male) |
| 11:11 | Investigar | Castle Age |
| 11:26 | Investigar | Double-Bit Axe |
| 11:29 | Investigar | Horse Collar |
| 11:32 | Investigar | Gold Mining |
| 12:01 | Construir | Stone Wall |
| 12:10 | Investigar | Stone Mining |
| 14:06 | Edad | Edad de los Castillos |
| 14:11 | Construir | Town Center |
| 14:26 | Crear | Villager (Male) |
| 14:26 | Crear | Villager (Male) |
| 14:30 | Crear | Unit 2579 |
| 14:30 | Crear | Unit 2579 |
| 15:36 | Crear | Unit 2579 |
| 15:51 | Investigar | Fletching |
| 15:56 | Crear | Unit 2579 |
| 16:03 | Crear | Villager (Male) |
| 16:06 | Investigar | Wheelbarrow |
| 16:08 | Crear | Villager (Male) |
| 16:08 | Crear | Villager (Male) |
| 16:20 | Crear | Unit 2579 |
| 16:20 | Crear | Unit 2579 |
| 16:22 | Investigar | Bodkin Arrow |
| 16:37 | Crear | Unit 2579 |
| 16:37 | Crear | Unit 2579 |
| 17:06 | Crear | Villager (Male) |
| 17:08 | Crear | Villager (Male) |
| 17:08 | Crear | Villager (Male) |
| 17:20 | Crear | Unit 2579 |
| 17:20 | Crear | Unit 2579 |
| 17:28 | Investigar | Bow Saw |
| 17:57 | Crear | Unit 2579 |
| 17:57 | Crear | Unit 2579 |
| 18:01 | Crear | Unit 2579 |
| 18:39 | Crear | Unit 2579 |
| 18:39 | Crear | Unit 2579 |
| 18:40 | Crear | Unit 2579 |
| 18:44 | Crear | Villager (Male) |
| 18:44 | Crear | Villager (Male) |
| 18:44 | Crear | Villager (Male) |
| 18:44 | Crear | Villager (Male) |
| 18:45 | Crear | Villager (Male) |
| 19:00 | Investigar | Padded Archer Armor |
| 19:21 | Crear | Unit 2579 |
| 19:21 | Crear | Unit 2579 |
| 19:21 | Crear | Unit 2579 |
| 19:37 | Crear | Unit 2579 |
| 19:38 | Crear | Unit 2579 |
| 19:41 | Crear | Villager (Male) |
| 19:41 | Crear | Villager (Male) |
| 19:41 | Crear | Villager (Male) |
| 19:51 | Crear | Villager (Male) |
| 19:51 | Crear | Villager (Male) |
| 20:07 | Crear | Unit 2579 |
| 20:07 | Crear | Unit 2579 |
| 20:07 | Crear | Unit 2579 |
| 20:16 | Crear | Villager (Male) |
| 20:16 | Crear | Villager (Male) |
| 20:18 | Construir | Farm |
| 20:19 | Construir | Farm |
| 20:19 | Construir | Farm |
| 20:19 | Construir | Farm |
| 20:19 | Construir | Farm |
| 20:41 | Crear | Unit 2579 |
| 20:41 | Crear | Unit 2579 |
| 20:45 | Crear | Unit 2579 |
| 20:45 | Crear | Unit 2579 |
| 20:49 | Crear | Villager (Male) |
| 20:49 | Crear | Villager (Male) |
| 20:58 | Crear | Unit 2579 |
| 20:58 | Crear | Unit 2579 |
| 21:26 | Crear | Unit 2579 |
| 21:26 | Crear | Unit 2579 |
| 21:26 | Crear | Unit 2579 |
| 21:27 | Crear | Unit 2579 |
| 21:27 | Crear | Unit 2579 |
| 22:00 | Crear | Unit 2579 |
| 22:00 | Crear | Unit 2579 |
| 22:00 | Crear | Unit 2579 |
| 22:04 | Crear | Villager (Male) |
| 22:14 | Crear | Unit 2579 |
| 22:14 | Crear | Unit 2579 |
| 22:14 | Crear | Unit 2579 |
| 22:57 | Crear | Unit 2579 |
| 22:57 | Crear | Unit 2579 |
| 22:57 | Crear | Unit 2579 |
| 22:59 | Crear | Villager (Male) |
| 23:02 | Construir | Farm |
| 23:29 | Crear | Unit 2579 |
| 23:29 | Crear | Unit 2579 |
| 23:29 | Crear | Unit 2579 |
| 23:57 | Crear | Unit 2579 |
| 23:57 | Crear | Unit 2579 |
| 23:58 | Crear | Unit 2579 |
| 24:03 | Investigar | Loom |
| 24:08 | Construir | Castle |
| 24:11 | Crear | Villager (Male) |
| 24:12 | Crear | Villager (Male) |
| 24:14 | Crear | Villager (Male) |
| 24:15 | Crear | Villager (Male) |
| 24:15 | Crear | Villager (Male) |
| 24:19 | Construir | Town Center |
| 24:32 | Crear | Unit 2579 |
| 24:33 | Crear | Unit 2579 |
Build order — Alt+F4 | Popo
Primeras 150 de 253 acciones detectadas
| 0:03 | Crear | Villager (Male) |
| 0:18 | Construir | Lumber Camp |
| 0:28 | Crear | Villager (Male) ×3 |
| 1:27 | Construir | Mill |
| 1:39 | Crear | Villager (Male) |
| 1:55 | Crear | Villager (Male) |
| 2:29 | Crear | Villager (Male) |
| 2:59 | Crear | Villager (Male) |
| 3:25 | Crear | Villager (Male) |
| 3:48 | Crear | Villager (Male) |
| 4:03 | Construir | Mining Camp |
| 4:16 | Crear | Villager (Male) |
| 4:48 | Investigar | Feudal Age |
| 5:48 | Construir | Farm |
| 6:45 | Crear | Villager (Male) |
| 6:46 | Crear | Villager (Male) |
| 6:57 | Edad | Edad Feudal |
| 7:02 | Construir | Market |
| 7:05 | Construir | Blacksmith |
| 7:26 | Construir | Farm |
| 7:50 | Crear | Villager (Male) |
| 8:02 | Construir | Farm |
| 8:16 | Investigar | Loom |
| 8:45 | Crear | Villager (Male) |
| 9:15 | Investigar | Castle Age |
| 10:00 | Investigar | Double-Bit Axe |
| 10:06 | Investigar | Fletching |
| 11:05 | Investigar | Horse Collar |
| 11:12 | Investigar | Padded Archer Armor |
| 11:55 | Edad | Edad de los Castillos |
| 11:57 | Crear | Unit 1968 |
| 12:01 | Construir | University |
| 12:07 | Crear | Villager (Male) |
| 12:09 | Investigar | Bow Saw |
| 12:12 | Crear | Unit 1968 |
| 12:20 | Crear | Unit 1968 |
| 12:30 | Crear | Villager (Male) |
| 12:32 | Investigar | Bodkin Arrow |
| 12:36 | Construir | Farm |
| 12:40 | Crear | Unit 1968 |
| 12:52 | Crear | Unit 1968 |
| 13:00 | Crear | Villager (Male) |
| 13:00 | Crear | Villager (Male) |
| 13:16 | Construir | Farm |
| 13:20 | Crear | Unit 1968 |
| 13:24 | Crear | Villager (Male) |
| 13:39 | Crear | Unit 1968 |
| 14:05 | Crear | Unit 1968 |
| 14:10 | Crear | Unit 1968 |
| 14:12 | Crear | Villager (Male) |
| 14:32 | Crear | Unit 1968 |
| 14:39 | Crear | Villager (Male) |
| 14:50 | Crear | Unit 1968 |
| 15:00 | Crear | Villager (Male) |
| 15:04 | Construir | Lumber Camp |
| 15:18 | Crear | Unit 1968 |
| 15:19 | Crear | Villager (Male) |
| 15:24 | Construir | House |
| 15:31 | Investigar | Wheelbarrow |
| 15:36 | Construir | House |
| 15:37 | Construir | House |
| 16:01 | Crear | Unit 1968 |
| 16:17 | Crear | Unit 1968 |
| 16:27 | Construir | House |
| 16:28 | Construir | House |
| 16:43 | Crear | Unit 1968 |
| 16:45 | Crear | Villager (Male) |
| 17:02 | Investigar | Ballistics |
| 17:54 | Crear | Unit 1968 |
| 17:54 | Crear | Unit 1968 |
| 17:55 | Crear | Villager (Male) ×5 |
| 18:06 | Construir | Town Center |
| 18:07 | Crear | Villager (Male) |
| 18:23 | Construir | House |
| 18:24 | Construir | House |
| 18:26 | Crear | Unit 1968 |
| 18:53 | Crear | Unit 1968 |
| 18:54 | Crear | Villager (Male) |
| 19:02 | Investigar | Leather Archer Armor |
| 19:13 | Crear | Unit 1968 |
| 19:14 | Crear | Villager (Male) ×3 |
| 19:40 | Crear | Villager (Male) |
| 19:47 | Crear | Unit 1968 |
| 19:48 | Investigar | Gold Mining |
| 19:48 | Investigar | Gold Mining |
| 20:10 | Crear | Unit 1968 |
| 20:11 | Crear | Villager (Male) |
| 20:38 | Crear | Unit 1968 |
| 20:39 | Crear | Villager (Male) |
| 20:45 | Construir | Mill |
| 20:45 | Construir | Farm |
| 20:45 | Construir | Farm |
| 20:46 | Construir | Farm |
| 20:46 | Construir | Farm |
| 20:46 | Construir | Farm |
| 20:47 | Construir | Farm |
| 20:47 | Construir | Farm |
| 20:58 | Crear | Unit 1968 |
| 20:59 | Crear | Villager (Male) |
| 21:26 | Crear | Unit 1968 |
| 21:27 | Crear | Villager (Male) ×2 |
| 21:49 | Crear | Unit 1968 |
| 21:50 | Crear | Villager (Male) |
| 22:04 | Crear | Unit 1968 |
| 22:11 | Crear | Unit 1968 |
| 22:12 | Crear | Villager (Male) ×2 |
| 22:15 | Crear | Unit 1968 |
| 22:16 | Crear | Villager (Male) |
| 22:18 | Construir | Farm |
| 22:21 | Construir | Farm |
| 22:40 | Crear | Unit 1968 |
| 22:41 | Crear | Villager (Male) ×2 |
| 22:45 | Crear | Unit 1968 |
| 22:58 | Crear | Unit 1968 |
| 23:22 | Crear | Unit 1968 |
| 23:22 | Crear | Unit 1968 |
| 23:24 | Crear | Villager (Male) ×4 |
| 23:38 | Crear | Unit 1968 |
| 23:39 | Crear | Villager (Male) |
| 23:50 | Construir | Mill |
| 23:51 | Construir | Farm |
| 23:51 | Construir | Farm |
| 23:51 | Construir | Farm |
| 23:52 | Construir | Farm |
| 23:52 | Construir | Farm |
| 23:58 | Investigar | Bow Saw |
| 24:23 | Crear | Villager (Male) |
| 24:24 | Crear | Villager (Male) |
| 24:27 | Construir | Farm |
| 24:27 | Construir | Farm |
| 24:27 | Construir | Farm |
| 24:28 | Construir | Farm |
| 24:36 | Crear | Unit 1968 |
| 25:01 | Crear | Villager (Male) |
| 25:01 | Crear | Villager (Male) |
| 25:18 | Construir | Lumber Camp |
| 25:22 | Construir | House |
| 25:22 | Construir | House |
| 25:24 | Crear | Villager (Male) |
| 25:24 | Crear | Villager (Male) |
| 25:41 | Crear | Villager (Male) ×5 |
| 25:46 | Crear | Unit 1968 ×2 |
| 25:57 | Investigar | Tech 1080 |
| 26:09 | Construir | House |
| 26:10 | Construir | House |
| 26:12 | Crear | Villager (Male) |
| 26:13 | Crear | Villager (Male) |
| 26:37 | Crear | Villager (Male) |
| 26:38 | Crear | Villager (Male) |
| 26:46 | Construir | Mill |
Build order — :) Neeeemo
Primeras 150 de 287 acciones detectadas
| 0:00 | Crear | Villager (Male) |
| 0:01 | Crear | Villager (Male) |
| 0:08 | Crear | Villager (Male) |
| 0:22 | Crear | Villager (Male) |
| 0:38 | Construir | Settlement |
| 1:12 | Construir | Settlement |
| 1:16 | Crear | Villager (Male) |
| 1:36 | Crear | Villager (Male) |
| 2:19 | Crear | Villager (Male) |
| 2:29 | Crear | Villager (Male) |
| 2:42 | Crear | Villager (Male) |
| 3:04 | Crear | Villager (Male) |
| 3:18 | Construir | Palisade Wall |
| 3:29 | Crear | Villager (Male) |
| 3:42 | Crear | Villager (Male) |
| 4:06 | Crear | Villager (Male) |
| 4:27 | Construir | Farm |
| 5:06 | Construir | Farm |
| 5:12 | Crear | Villager (Male) |
| 5:35 | Construir | House |
| 5:40 | Crear | Villager (Male) |
| 5:54 | Construir | Settlement |
| 6:03 | Crear | Villager (Male) |
| 6:42 | Investigar | Feudal Age |
| 6:42 | Investigar | Feudal Age |
| 6:45 | Construir | Farm |
| 7:01 | Construir | House |
| 7:46 | Construir | Palisade Wall |
| 7:54 | Crear | Villager (Male) |
| 7:54 | Crear | Villager (Male) |
| 7:54 | Crear | Villager (Male) |
| 8:10 | Construir | Farm |
| 8:11 | Construir | Farm |
| 8:23 | Construir | Farm |
| 8:24 | Construir | Farm |
| 8:52 | Edad | Edad Feudal |
| 8:55 | Construir | Market |
| 8:58 | Construir | Blacksmith |
| 9:05 | Construir | Palisade Wall |
| 9:49 | Investigar | Loom |
| 10:04 | Investigar | Castle Age |
| 10:17 | Construir | Palisade Wall |
| 10:20 | Investigar | Double-Bit Axe |
| 10:43 | Investigar | Fletching |
| 10:44 | Investigar | Fletching |
| 11:01 | Construir | Outpost |
| 11:10 | Investigar | Gold Mining |
| 11:14 | Investigar | Horse Collar |
| 11:14 | Investigar | Horse Collar |
| 11:20 | Crear | Villager (Male) |
| 11:21 | Crear | Villager (Male) |
| 12:25 | Construir | Outpost |
| 12:30 | Construir | Outpost |
| 12:43 | Crear | Villager (Male) |
| 13:06 | Construir | Outpost |
| 13:12 | Edad | Edad de los Castillos |
| 13:15 | Investigar | Bow Saw |
| 13:18 | Investigar | Bodkin Arrow |
| 13:18 | Investigar | Bodkin Arrow |
| 13:19 | Crear | Unit 2562 |
| 13:19 | Crear | Unit 2562 |
| 13:25 | Crear | Villager (Male) |
| 13:27 | Investigar | Padded Archer Armor |
| 13:27 | Investigar | Padded Archer Armor |
| 13:44 | Crear | Unit 2562 |
| 13:58 | Crear | Unit 2562 |
| 14:04 | Crear | Villager (Male) |
| 14:18 | Crear | Unit 2562 |
| 14:20 | Crear | Villager (Male) |
| 14:31 | Construir | Outpost |
| 14:35 | Crear | Villager (Male) |
| 14:43 | Crear | Unit 2562 |
| 14:46 | Crear | Villager (Male) |
| 14:58 | Crear | Villager (Male) |
| 15:26 | Crear | Villager (Male) |
| 15:29 | Crear | Petard |
| 15:30 | Crear | Petard |
| 15:41 | Construir | Outpost |
| 15:45 | Crear | Villager (Male) |
| 15:56 | Crear | Villager (Male) |
| 16:00 | Construir | Town Center |
| 16:09 | Crear | Unit 2562 |
| 16:27 | Crear | Villager (Male) |
| 16:46 | Crear | Unit 2562 |
| 16:47 | Crear | Unit 2562 |
| 16:51 | Crear | Villager (Male) |
| 16:59 | Crear | Villager (Male) |
| 17:23 | Crear | Villager (Male) |
| 17:25 | Crear | Villager (Male) |
| 17:25 | Crear | Villager (Male) |
| 17:31 | Crear | Unit 2562 |
| 17:31 | Crear | Unit 2562 |
| 18:01 | Crear | Villager (Male) |
| 18:01 | Crear | Villager (Male) |
| 18:05 | Construir | Farm |
| 18:07 | Construir | Farm |
| 18:10 | Crear | Unit 2562 |
| 18:11 | Crear | Unit 2562 |
| 18:45 | Crear | Villager (Male) |
| 18:45 | Crear | Villager (Male) |
| 18:47 | Construir | Farm |
| 18:48 | Construir | Farm |
| 18:51 | Crear | Unit 2562 |
| 18:51 | Crear | Unit 2562 |
| 19:08 | Crear | Villager (Male) |
| 19:09 | Crear | Villager (Male) |
| 19:11 | Construir | Farm |
| 19:32 | Crear | Villager (Male) |
| 19:32 | Crear | Villager (Male) |
| 19:35 | Construir | Farm |
| 19:36 | Construir | Farm |
| 19:39 | Construir | Farm |
| 19:45 | Crear | Villager (Male) |
| 19:46 | Crear | Villager (Male) |
| 19:46 | Crear | Villager (Male) |
| 19:50 | Construir | University |
| 20:52 | Crear | Villager (Male) |
| 20:52 | Crear | Villager (Male) |
| 20:56 | Construir | Settlement |
| 21:00 | Crear | Villager (Male) |
| 21:01 | Crear | Villager (Male) |
| 21:08 | Construir | Outpost |
| 21:22 | Crear | Villager (Male) |
| 21:24 | Crear | Villager (Male) |
| 21:43 | Construir | Monastery |
| 21:47 | Crear | Villager (Male) |
| 22:03 | Construir | Stone Wall |
| 22:09 | Investigar | Gold Mining |
| 22:13 | Crear | Villager (Male) |
| 22:14 | Crear | Villager (Male) |
| 22:14 | Crear | Villager (Male) |
| 22:19 | Investigar | Herbal Medicine |
| 22:26 | Investigar | Heavy Plow |
| 22:32 | Construir | Farm |
| 22:33 | Construir | Farm |
| 22:37 | Construir | Farm |
| 22:40 | Construir | Farm |
| 22:41 | Crear | Villager (Male) |
| 22:42 | Crear | Villager (Male) |
| 22:49 | Crear | Unit 2562 |
| 22:54 | Construir | Outpost |
| 22:57 | Crear | Villager (Male) |
| 22:59 | Crear | Villager (Male) |
| 23:22 | Investigar | Ballistics |
| 23:28 | Crear | Villager (Male) |
| 23:28 | Crear | Villager (Male) |
| 23:31 | Construir | Farm |
| 23:32 | Construir | Farm |
| 23:38 | Construir | Farm |
| 23:40 | Crear | Villager (Male) |
Build order — Alt+F4 | Haise
Primeras 150 de 329 acciones detectadas
| 0:01 | Crear | Villager (Male) ×4 |
| 0:01 | Crear | Villager (Male) ×4 |
| 0:08 | Construir | Lumber Camp |
| 1:13 | Crear | Villager (Male) |
| 1:39 | Crear | Villager (Male) |
| 1:39 | Crear | Villager (Male) |
| 1:40 | Crear | Villager (Male) |
| 2:13 | Crear | Villager (Male) |
| 2:13 | Crear | Villager (Male) |
| 2:22 | Crear | Villager (Male) |
| 2:49 | Crear | Villager (Male) |
| 3:00 | Construir | Palisade Wall |
| 3:16 | Crear | Villager (Male) |
| 3:17 | Crear | Villager (Male) |
| 3:27 | Construir | Mill |
| 3:29 | Crear | Villager (Male) |
| 3:34 | Crear | Villager (Male) |
| 3:52 | Crear | Villager (Male) |
| 4:13 | Construir | Farm |
| 4:14 | Crear | Villager (Male) |
| 4:16 | Construir | Mining Camp |
| 4:25 | Construir | Farm |
| 4:28 | Construir | Farm |
| 5:40 | Construir | Farm |
| 6:09 | Investigar | Feudal Age |
| 8:21 | Crear | Villager (Male) |
| 8:22 | Crear | Villager (Male) |
| 8:26 | Edad | Edad Feudal |
| 8:29 | Construir | Market |
| 8:31 | Construir | Blacksmith |
| 8:57 | Construir | Lumber Camp |
| 9:17 | Investigar | Castle Age |
| 9:17 | Investigar | Castle Age |
| 9:37 | Investigar | Scale Barding Armor |
| 9:39 | Investigar | Forging |
| 9:45 | Investigar | Horse Collar |
| 9:50 | Investigar | Double-Bit Axe |
| 10:19 | Investigar | Forging |
| 10:24 | Construir | Farm |
| 10:30 | Construir | Farm |
| 10:40 | Investigar | Gold Mining |
| 10:51 | Construir | Farm |
| 11:21 | Construir | Farm |
| 11:25 | Construir | Farm |
| 11:28 | Crear | Villager (Male) |
| 11:28 | Crear | Villager (Male) |
| 11:46 | Investigar | Scale Barding Armor |
| 11:52 | Investigar | Loom |
| 11:57 | Edad | Edad de los Castillos |
| 11:59 | Crear | Mameluke |
| 12:02 | Construir | Farm |
| 12:14 | Crear | Villager (Male) |
| 12:25 | Construir | Farm |
| 12:27 | Construir | Farm |
| 12:30 | Crear | Mameluke |
| 12:36 | Crear | Villager (Male) |
| 12:47 | Construir | Farm |
| 12:49 | Construir | Farm |
| 12:50 | Construir | Farm |
| 12:54 | Crear | Mameluke |
| 13:14 | Construir | Farm |
| 13:15 | Crear | Villager (Male) |
| 13:26 | Crear | Mameluke |
| 13:38 | Investigar | Wheelbarrow |
| 14:13 | Crear | Mameluke |
| 14:25 | Crear | Villager (Male) |
| 14:59 | Crear | Mameluke |
| 15:36 | Crear | Villager (Male) |
| 15:42 | Construir | Farm |
| 15:47 | Construir | Farm |
| 15:50 | Crear | Mameluke |
| 15:57 | Construir | Stable |
| 15:59 | Crear | Villager (Male) |
| 16:04 | Crear | Villager (Male) |
| 16:07 | Investigar | Iron Casting |
| 16:08 | Crear | Mameluke |
| 16:15 | Construir | Farm |
| 16:27 | Crear | Villager (Male) |
| 16:38 | Construir | Farm |
| 16:40 | Crear | Villager (Male) |
| 16:48 | Crear | Mameluke |
| 17:00 | Construir | House |
| 17:03 | Construir | House |
| 17:07 | Crear | Mameluke |
| 17:34 | Crear | Mameluke |
| 17:37 | Crear | Villager (Male) |
| 17:39 | Construir | House |
| 17:39 | Construir | House |
| 17:47 | Crear | Villager (Male) |
| 17:51 | Construir | House |
| 18:03 | Investigar | Chain Barding Armor |
| 18:05 | Crear | Villager (Male) |
| 18:18 | Crear | Mameluke |
| 18:44 | Crear | Villager (Male) |
| 18:47 | Construir | House |
| 18:48 | Construir | House |
| 18:49 | Crear | Villager (Male) |
| 18:54 | Crear | Mameluke |
| 18:54 | Crear | Mameluke |
| 19:06 | Crear | Villager (Male) |
| 19:09 | Construir | Farm |
| 19:23 | Crear | Mameluke |
| 19:26 | Construir | Monastery |
| 19:29 | Crear | Villager (Male) |
| 19:38 | Construir | Lumber Camp |
| 19:41 | Crear | Mameluke |
| 20:14 | Investigar | Bloodlines |
| 20:15 | Investigar | Husbandry |
| 20:16 | Crear | Villager (Male) |
| 20:25 | Construir | Monastery |
| 20:32 | Crear | Mameluke |
| 20:34 | Crear | Villager (Male) |
| 20:46 | Crear | Monk |
| 20:46 | Crear | Monk |
| 20:50 | Crear | Mameluke |
| 21:36 | Crear | Monk |
| 21:39 | Construir | House |
| 21:40 | Construir | House |
| 21:42 | Crear | Villager (Male) |
| 21:43 | Construir | Town Center |
| 21:50 | Crear | Mameluke |
| 21:50 | Crear | Mameluke |
| 22:16 | Crear | Monk |
| 22:18 | Construir | Siege Workshop |
| 22:35 | Crear | Villager (Male) |
| 22:35 | Crear | Villager (Male) |
| 22:37 | Construir | Farm |
| 22:59 | Crear | Monk |
| 22:59 | Crear | Monk |
| 23:00 | Crear | Villager (Male) |
| 23:02 | Construir | Farm |
| 23:04 | Crear | Villager (Male) |
| 23:06 | Investigar | Bow Saw |
| 23:07 | Crear | Villager (Male) |
| 23:09 | Construir | House |
| 23:30 | Crear | Scorpion |
| 23:36 | Crear | Villager (Male) |
| 23:38 | Construir | Farm |
| 23:39 | Crear | Villager (Male) |
| 23:40 | Crear | Villager (Male) |
| 23:52 | Crear | Villager (Male) |
| 23:54 | Crear | Mameluke |
| 23:54 | Crear | Mameluke |
| 24:02 | Construir | Stable |
| 24:15 | Investigar | Sanctity |
| 24:17 | Construir | Farm |
| 24:18 | Construir | Farm |
| 24:19 | Construir | Farm |
| 24:20 | Crear | Villager (Male) |
| 24:22 | Crear | Villager (Male) |
Build order — :) YO30830
Primeras 150 de 273 acciones detectadas
| 0:06 | Construir | Lumber Camp |
| 0:09 | Crear | Villager (Male) |
| 0:10 | Crear | Villager (Male) |
| 0:20 | Crear | Villager (Male) |
| 0:20 | Crear | Villager (Male) |
| 0:21 | Crear | Villager (Male) |
| 1:48 | Crear | Villager (Male) |
| 1:59 | Construir | Mill |
| 2:07 | Crear | Villager (Male) |
| 2:07 | Crear | Villager (Male) |
| 2:07 | Crear | Villager (Male) |
| 2:52 | Crear | Villager (Male) |
| 2:52 | Crear | Villager (Male) |
| 3:55 | Construir | Farm |
| 3:55 | Construir | Farm |
| 3:55 | Construir | Farm |
| 3:56 | Construir | Farm |
| 4:04 | Construir | Farm |
| 4:10 | Crear | Villager (Male) |
| 4:11 | Crear | Villager (Male) |
| 4:34 | Construir | Farm |
| 4:36 | Crear | Villager (Male) |
| 4:36 | Crear | Villager (Male) |
| 4:54 | Construir | Mining Camp |
| 5:34 | Crear | Villager (Male) |
| 5:53 | Investigar | Feudal Age |
| 6:44 | Crear | Villager (Male) |
| 6:44 | Crear | Villager (Male) |
| 6:44 | Crear | Villager (Male) |
| 6:45 | Crear | Villager (Male) |
| 8:10 | Edad | Edad Feudal |
| 8:16 | Investigar | Horse Collar |
| 8:18 | Investigar | Double-Bit Axe |
| 8:19 | Investigar | Gold Mining |
| 8:23 | Investigar | Wheelbarrow |
| 9:01 | Construir | Blacksmith |
| 9:35 | Crear | Villager (Male) |
| 9:35 | Crear | Villager (Male) |
| 9:36 | Crear | Villager (Male) |
| 9:53 | Construir | Market |
| 10:04 | Crear | Villager (Male) |
| 10:05 | Crear | Villager (Male) |
| 10:05 | Crear | Villager (Male) |
| 10:15 | Crear | Villager (Male) |
| 10:31 | Investigar | Castle Age |
| 10:46 | Investigar | Stone Mining |
| 11:40 | Construir | Palisade Wall |
| 12:13 | Crear | Villager (Male) |
| 12:13 | Crear | Villager (Male) |
| 12:14 | Crear | Villager (Male) |
| 12:15 | Crear | Villager (Male) |
| 12:15 | Crear | Villager (Male) |
| 13:20 | Edad | Edad de los Castillos |
| 13:24 | Construir | Town Center |
| 13:29 | Construir | Town Center |
| 13:33 | Investigar | Bow Saw |
| 13:35 | Crear | Villager (Male) |
| 13:35 | Crear | Villager (Male) |
| 13:45 | Crear | Unit 1949 |
| 13:45 | Crear | Unit 1949 |
| 13:46 | Crear | Unit 1949 |
| 13:46 | Crear | Unit 1949 |
| 14:03 | Construir | Palisade Wall |
| 14:27 | Construir | Farm |
| 14:46 | Crear | Villager (Male) |
| 14:47 | Crear | Villager (Male) |
| 14:47 | Crear | Villager (Male) |
| 14:48 | Crear | Villager (Male) |
| 15:03 | Crear | Villager (Male) |
| 15:03 | Crear | Villager (Male) |
| 15:45 | Crear | Villager (Male) |
| 15:46 | Crear | Villager (Male) |
| 15:46 | Crear | Villager (Male) |
| 15:51 | Construir | Farm |
| 15:52 | Construir | Farm |
| 15:52 | Construir | Farm |
| 15:52 | Construir | Farm |
| 15:53 | Construir | Farm |
| 15:53 | Construir | Farm |
| 15:53 | Construir | Farm |
| 15:58 | Construir | Farm |
| 16:00 | Crear | Villager (Male) |
| 16:01 | Crear | Villager (Male) |
| 16:09 | Crear | Villager (Male) |
| 16:24 | Crear | Unit 1949 |
| 16:31 | Construir | Palisade Wall |
| 16:54 | Crear | Villager (Male) |
| 16:54 | Crear | Villager (Male) |
| 16:55 | Crear | Villager (Male) |
| 16:55 | Crear | Villager (Male) |
| 16:58 | Crear | Unit 1949 |
| 17:06 | Construir | Mill |
| 18:28 | Crear | Unit 1949 |
| 18:28 | Crear | Unit 1949 |
| 18:28 | Crear | Unit 1949 |
| 18:29 | Crear | Unit 1949 |
| 18:29 | Crear | Unit 1949 |
| 18:29 | Crear | Unit 1949 |
| 18:32 | Crear | Villager (Male) |
| 18:32 | Crear | Villager (Male) |
| 18:33 | Crear | Villager (Male) |
| 18:33 | Crear | Villager (Male) |
| 18:36 | Construir | Farm |
| 18:36 | Construir | Farm |
| 18:36 | Construir | Farm |
| 18:36 | Construir | Farm |
| 18:37 | Construir | Farm |
| 18:37 | Construir | Farm |
| 18:37 | Construir | Farm |
| 18:38 | Construir | Farm |
| 19:16 | Construir | Palisade Wall |
| 19:18 | Construir | Palisade Wall |
| 19:39 | Crear | Villager (Male) |
| 19:40 | Crear | Villager (Male) |
| 19:40 | Crear | Villager (Male) |
| 19:45 | Construir | Farm |
| 19:49 | Crear | Unit 1949 |
| 19:49 | Crear | Unit 1949 |
| 19:49 | Crear | Unit 1949 |
| 20:05 | Crear | Villager (Male) |
| 20:05 | Crear | Villager (Male) |
| 20:06 | Crear | Villager (Male) |
| 20:06 | Crear | Villager (Male) |
| 20:06 | Crear | Villager (Male) |
| 20:55 | Construir | Castle |
| 21:04 | Construir | Stable |
| 21:05 | Construir | Stable |
| 21:05 | Construir | Stable |
| 21:07 | Crear | Villager (Male) |
| 21:08 | Crear | Villager (Male) |
| 21:08 | Crear | Villager (Male) |
| 21:08 | Crear | Villager (Male) |
| 21:08 | Crear | Villager (Male) |
| 21:09 | Crear | Villager (Male) |
| 21:09 | Crear | Villager (Male) |
| 21:09 | Crear | Villager (Male) |
| 21:10 | Crear | Villager (Male) |
| 21:10 | Crear | Villager (Male) |
| 21:16 | Construir | House |
| 21:17 | Construir | House |
| 21:17 | Construir | House |
| 21:17 | Construir | House |
| 21:18 | Construir | House |
| 21:18 | Construir | House |
| 21:52 | Investigar | Scale Barding Armor |
| 21:52 | Investigar | Forging |
| 21:57 | Investigar | Heavy Plow |
| 22:25 | Construir | Lumber Camp |
| 22:31 | Crear | Unit 1949 |
| 22:31 | Crear | Unit 1949 |
Build order — GAX | LorD
Primeras 150 de 358 acciones detectadas
| 0:01 | Crear | Villager (Male) |
| 0:02 | Crear | Villager (Male) |
| 0:02 | Crear | Villager (Male) |
| 0:08 | Construir | Lumber Camp |
| 0:22 | Construir | Mill |
| 0:25 | Crear | Villager (Male) |
| 1:31 | Crear | Villager (Male) |
| 1:32 | Crear | Villager (Male) |
| 1:53 | Crear | Villager (Male) |
| 2:05 | Crear | Villager (Male) |
| 2:26 | Crear | Villager (Male) |
| 2:49 | Crear | Villager (Male) |
| 2:49 | Crear | Villager (Male) |
| 3:37 | Construir | Mining Camp |
| 3:40 | Crear | Villager (Male) |
| 3:40 | Crear | Villager (Male) |
| 4:25 | Crear | Villager (Male) |
| 4:48 | Crear | Villager (Male) |
| 5:04 | Crear | Villager (Male) |
| 5:07 | Construir | Farm |
| 5:09 | Construir | Farm |
| 5:11 | Construir | Farm |
| 5:19 | Construir | Farm |
| 5:26 | Crear | Villager (Male) |
| 5:51 | Investigar | Feudal Age |
| 6:41 | Construir | Farm |
| 7:32 | Construir | Farm |
| 7:36 | Construir | Farm |
| 7:40 | Construir | Farm |
| 8:02 | Edad | Edad Feudal |
| 8:06 | Investigar | Castle Age |
| 8:07 | Investigar | Castle Age |
| 8:35 | Investigar | Double-Bit Axe |
| 8:35 | Investigar | Double-Bit Axe |
| 9:40 | Investigar | Horse Collar |
| 10:24 | Crear | Villager (Male) |
| 10:32 | Crear | Villager (Male) |
| 10:39 | Crear | Villager (Male) |
| 10:46 | Edad | Edad de los Castillos |
| 10:47 | Construir | Town Center |
| 10:52 | Construir | Town Center |
| 10:58 | Crear | Villager (Male) |
| 11:31 | Crear | Villager (Male) |
| 11:37 | Construir | Farm |
| 11:40 | Construir | Farm |
| 11:49 | Crear | Villager (Male) |
| 12:00 | Crear | Villager (Male) |
| 12:00 | Crear | Villager (Male) |
| 12:12 | Construir | Farm |
| 12:14 | Crear | Villager (Male) |
| 12:17 | Construir | Farm |
| 12:23 | Construir | Farm |
| 12:25 | Crear | Villager (Male) |
| 12:25 | Crear | Villager (Male) |
| 12:37 | Crear | Villager (Male) |
| 12:39 | Construir | Farm |
| 12:42 | Construir | Farm |
| 12:46 | Crear | Villager (Male) |
| 12:46 | Crear | Villager (Male) |
| 12:55 | Crear | Villager (Male) |
| 12:55 | Crear | Villager (Male) |
| 12:59 | Construir | Farm |
| 13:04 | Crear | Villager (Male) |
| 13:08 | Construir | Farm |
| 13:11 | Crear | Villager (Male) |
| 13:11 | Crear | Villager (Male) |
| 13:20 | Crear | Villager (Male) |
| 13:26 | Crear | Villager (Male) |
| 13:37 | Crear | Villager (Male) |
| 13:38 | Crear | Villager (Male) |
| 13:38 | Crear | Villager (Male) |
| 13:49 | Construir | Farm |
| 13:52 | Construir | Farm |
| 13:54 | Crear | Villager (Male) |
| 13:56 | Crear | Villager (Male) |
| 13:56 | Crear | Villager (Male) |
| 14:01 | Construir | Farm |
| 14:07 | Crear | Villager (Male) |
| 14:07 | Crear | Villager (Male) |
| 14:08 | Crear | Villager (Male) |
| 14:16 | Construir | Farm |
| 14:19 | Construir | Farm |
| 14:20 | Crear | Villager (Male) |
| 14:21 | Crear | Villager (Male) |
| 14:24 | Construir | House |
| 14:26 | Construir | House |
| 14:28 | Construir | House |
| 14:33 | Crear | Villager (Male) |
| 14:33 | Crear | Villager (Male) |
| 14:33 | Crear | Villager (Male) |
| 14:35 | Crear | Villager (Male) |
| 14:48 | Crear | Villager (Male) |
| 14:54 | Construir | Farm |
| 14:59 | Crear | Villager (Male) |
| 15:13 | Construir | Farm |
| 15:14 | Crear | Villager (Male) |
| 15:16 | Crear | Villager (Male) |
| 15:18 | Construir | Farm |
| 15:23 | Crear | Villager (Male) |
| 15:24 | Construir | Farm |
| 15:27 | Construir | Farm |
| 15:29 | Construir | House |
| 15:30 | Construir | House |
| 15:33 | Crear | Ballista Elephant |
| 15:33 | Crear | Ballista Elephant |
| 15:33 | Crear | Ballista Elephant |
| 15:39 | Investigar | Bow Saw |
| 15:39 | Investigar | Bow Saw |
| 15:47 | Crear | Villager (Male) |
| 15:51 | Crear | Villager (Male) |
| 15:55 | Investigar | Heavy Plow |
| 15:55 | Investigar | Heavy Plow |
| 15:58 | Crear | Villager (Male) |
| 16:01 | Construir | House |
| 16:02 | Construir | House |
| 16:11 | Crear | Villager (Male) |
| 16:11 | Crear | Villager (Male) |
| 16:11 | Crear | Villager (Male) |
| 16:36 | Crear | Villager (Male) |
| 16:37 | Crear | Villager (Male) |
| 16:38 | Construir | House |
| 16:46 | Crear | Villager (Male) |
| 16:46 | Crear | Villager (Male) |
| 16:47 | Crear | Villager (Male) |
| 16:56 | Investigar | Loom |
| 16:56 | Investigar | Wheelbarrow |
| 16:59 | Investigar | Town Watch |
| 17:02 | Construir | House |
| 17:27 | Crear | Ballista Elephant |
| 17:27 | Crear | Ballista Elephant |
| 17:27 | Crear | Ballista Elephant |
| 17:32 | Construir | Stable |
| 17:35 | Crear | Villager (Male) |
| 17:35 | Crear | Villager (Male) |
| 17:37 | Investigar | Gold Mining |
| 17:37 | Investigar | Gold Mining |
| 17:45 | Crear | Villager (Male) |
| 17:46 | Crear | Villager (Male) |
| 17:55 | Construir | University |
| 18:06 | Crear | Villager (Male) |
| 18:07 | Crear | Villager (Male) |
| 18:07 | Crear | Villager (Male) |
| 18:07 | Crear | Villager (Male) |
| 18:07 | Crear | Villager (Male) |
| 18:25 | Investigar | Husbandry |
| 18:36 | Crear | Villager (Male) |
| 18:36 | Crear | Villager (Male) |
| 18:36 | Crear | Villager (Male) |
| 18:48 | Construir | Lumber Camp |
| 18:53 | Crear | Ballista Elephant |
Cronología de la partida
| 3:00 | Alt+F4 | Haise · wall_segment Palisade Wall x1 |
| 3:18 | :) Neeeemo · wall_segment Palisade Wall x11 |
| 6:57 | Alt+F4 | Popo · age_up feudal |
| 7:46 | :) Neeeemo · wall_segment Palisade Wall x6 |
| 8:02 | GAX | LorD · age_up feudal |
| 8:10 | :) YO30830 · age_up feudal |
| 8:26 | Alt+F4 | Haise · age_up feudal |
| 8:27 | [Yodas] Ivaylo AOE CL · age_up feudal |
| 8:52 | :) Neeeemo · age_up feudal |
| 8:55 | Im From Hell · age_up feudal |
| 9:05 | :) Neeeemo · wall_segment Palisade Wall x7 |
| 9:43 | :) Carreador Fiel · age_up feudal |
| 10:00 | :) Neeeemo · first_market_sell 100 stone |
| 10:01 | :) Neeeemo · first_market_buy 100 food |
| 10:04 | Im From Hell · first_market_buy 100 food |
| 10:10 | Im From Hell · first_market_sell 100 wood |
| 10:17 | :) Neeeemo · wall_segment Palisade Wall x4 |
| 10:24 | [Yodas] Ivaylo AOE CL · wall_segment Stone Wall x11 |
| 10:46 | GAX | LorD · age_up castle |
| 11:06 | [Yodas] Ivaylo AOE CL · first_building Stable |
| 11:40 | :) YO30830 · wall_segment Palisade Wall x11 |
| 11:52 | Im From Hell · first_building Stable |
| 11:55 | Alt+F4 | Popo · age_up castle |
| 11:57 | Alt+F4 | Haise · age_up castle |
| 12:01 | :) Carreador Fiel · wall_segment Stone Wall x15 |
| 12:19 | [Yodas] Ivaylo AOE CL · wall_segment Stone Wall x14 |
| 12:22 | [Yodas] Ivaylo AOE CL · age_up castle |
| 12:27 | [Yodas] Ivaylo AOE CL · wall_segment Stone Wall x7 |
| 12:29 | Alt+F4 | Haise · first_market_buy 100 food |
| 12:51 | Im From Hell · wall_segment Stone Wall x10 |
| 12:58 | [Yodas] Ivaylo AOE CL · first_building Monastery |
| 13:12 | :) Neeeemo · age_up castle |
| 13:20 | :) YO30830 · age_up castle |
| 13:31 | Im From Hell · age_up castle |
| 14:03 | :) YO30830 · wall_segment Palisade Wall x12 |
| 14:06 | :) Carreador Fiel · age_up castle |
| 14:25 | Im From Hell · wall_segment Stone Wall x4 |
| 15:22 | [Yodas] Ivaylo AOE CL · first_building Siege Workshop |
| 15:36 | Im From Hell · first_building Siege Workshop |
| 15:57 | Alt+F4 | Haise · first_building Stable |
| 16:06 | Alt+F4 | Haise · first_market_sell 100 food |
| 16:31 | :) YO30830 · wall_segment Palisade Wall x13 |
| 16:52 | :) YO30830 · first_market_buy 100 food |
| 16:57 | Alt+F4 | Popo · first_market_buy 100 wood |
| 16:57 | Alt+F4 | Popo · first_market_sell 100 food |
| 17:32 | GAX | LorD · first_building Stable |
| 18:05 | Im From Hell · first_building Archery Range |
| 19:16 | :) YO30830 · wall_segment Palisade Wall x2 |
| 19:18 | :) YO30830 · wall_segment Palisade Wall x11 |
| 19:26 | Alt+F4 | Haise · first_building Monastery |
| 20:55 | :) YO30830 · first_building Castle |
| 21:04 | :) YO30830 · first_building Stable |
| 21:09 | [Yodas] Ivaylo AOE CL · first_market_sell 100 wood |
| 21:14 | GAX | LorD · wall_segment Stone Wall x10 |
| 21:27 | GAX | LorD · wall_segment Stone Wall x15 |
| 21:43 | :) Neeeemo · first_building Monastery |
| 22:03 | :) Neeeemo · wall_segment Stone Wall x7 |
| 22:14 | GAX | LorD · wall_segment Stone Wall x1 |
| 22:18 | Alt+F4 | Haise · first_building Siege Workshop |
| 23:22 | GAX | LorD · wall_segment Stone Wall x1 |
| 23:42 | GAX | LorD · first_building Castle |
| 24:08 | :) Carreador Fiel · first_building Castle |
| 25:25 | Im From Hell · resign |
| 25:43 | GAX | LorD · wall_segment Stone Wall x1 |
| 25:50 | GAX | LorD · age_up imperial |
| 27:11 | Alt+F4 | Popo · first_building Barracks |
| 27:29 | :) Carreador Fiel · first_building Archery Range |
| 30:20 | :) Neeeemo · first_building Castle |
| 30:25 | :) Neeeemo · age_up imperial |
| 30:28 | :) Carreador Fiel · wall_segment Stone Wall x5 |
| 30:45 | Alt+F4 | Haise · wall_segment Stone Wall x10 |
| 31:16 | Alt+F4 | Haise · wall_segment Stone Wall x6 |
| 31:21 | :) Carreador Fiel · wall_segment Stone Wall x4 |
| 31:34 | :) Carreador Fiel · age_up imperial |
| 31:46 | [Yodas] Ivaylo AOE CL · age_up imperial |
| 32:20 | :) Carreador Fiel · first_building Barracks |
| 32:32 | :) YO30830 · first_market_sell 500 wood |
| 33:40 | :) Carreador Fiel · first_building Siege Workshop |
| 33:53 | GAX | LorD · first_building Monastery |
| 33:55 | :) YO30830 · age_up imperial |
| 34:01 | Alt+F4 | Popo · age_up imperial |
| 35:24 | :) Neeeemo · wall_segment Stone Wall x10 |
| 35:51 | Alt+F4 | Popo · first_building Archery Range |
| 36:07 | Alt+F4 | Haise · first_building Castle |
| 36:43 | Alt+F4 | Haise · age_up imperial |
| 37:25 | Alt+F4 | Haise · wall_segment Stone Wall x1 |
| 37:26 | Alt+F4 | Haise · wall_segment Stone Wall x1 |
[ ANÁLISIS IA · 1 CRÉDITO ]
¿Qué pasó realmente en esta partida?
Wolo.gg analiza cada decisión: build order, eco, micro, errores típicos por bracket. Análisis personalizado por WhatsApp o Discord en 30 segundos.
Guía civ
Indostaníes
Perfil
Jugador #308595